 Dungeon Crawl Stone Soup version 0.27-a0-423-gf312af23e9 (webtiles) character file.

Game seed: 6565610995421043558

35 siradein the Grave Robber (level 3, -2/21 HPs)
             Began as a Vampire Necromancer on Feb 27, 2021.
             Slain by Natasha (7 damage)
             ... on level 3 of the Dungeon.
             The game lasted 00:07:03 (2132 turns).

siradein the Grave Robber (Vampire Necromancer)     Turns: 2132, Time: 00:07:03

Health: -2/21      AC:  6    Str:  5 (7)  XL:     3   Next: 17%
Magic:  0/6        EV: 11    Int: 16 (18) God:
Gold:   83         SH:  0    Dex: 12 (14) Spells: 4/6 levels left

rFire    . . .     SeeInvis +   g - +0 spear
rCold    + . .     Faith    .   (no shield)
rNeg     . . .     Spirit   .   j - +2 leather armour {rC+}
rPois    .         Reflect  .   c - +0 helmet
rElec    .         Harm     .   (no cloak)
rCorr    .         Rampage  .   (no gloves)
Will     .....                  (no boots)
Stlth    ++........             (no amulet)
HPRegen  0.27/turn              (no ring)
MPRegen  0.10/turn              (no ring)

@: very slightly contaminated, regenerating quickly
A: fangs 3, see invisible, [frail 1], unbreathing
a: Exsanguinate


You were on level 3 of the Dungeon.
You visited 1 branch of the dungeon, and saw 3 of its levels.

You collected 83 gold pieces.

Inventory:

Hand Weapons
 g - a +0 spear (weapon)
Armour
 a - a +0 robe
 c - a +0 helmet (worn)
 j - a +2 leather armour of cold resistance (worn)
Wands
 k - a wand of digging (4)
Scrolls
 b - a scroll of amnesia {unknown}
 d - 3 scrolls of teleportation {unknown}
 h - a scroll of fog {unknown}
 i - 2 scrolls of blinking {unknown}
 l - a scroll of enchant weapon {unknown}
 m - a scroll of identify {unknown}
Potions
 e - a potion of degeneration {unknown}
 f - 3 potions of curing {unknown}


   Skills:
 - Level 2.1 Dodging
 - Level 3.0 Stealth
 - Level 2.0 Spellcasting
 + Level 5.6 Necromancy


You had 4 spell levels left.
You knew the following spells:

 Your Spells              Type           Power        Failure   Level
a - Pain                  Necr           76%          3%          1
b - Animate Skeleton      Necr           38%          3%          1

Your spell library contained the following spells:

 Spells                   Type           Power        Failure   Level
 Vampiric Draining        Necr           9%           11%         3
 Animate Dead             Necr           9%           34%         4
 Agony                    Necr           19%          67%         5


Dungeon Overview and Level Annotations

Branches:
Dungeon (3/15)

Altars:

Annotations:
D:3 Natasha


Innate Abilities, Weirdness & Mutations

Your natural rate of healing is unusually fast.
You have razor-sharp teeth.
You have supernaturally acute eyesight. (SInv)
You can survive without breathing.
[You are frail. (-10% HP)]


Message History

Natasha hisses angrily.
Natasha writhes in agony.
A rat comes into view.
Natasha closely misses you.
Aiming: Pain (safe; 3% risk of failure)
Press: ? - help, Q - select action, (/) - cycle Shift-Dir - straight line, f/p - Natasha
Aim: Natasha (lightly wounded, chance to affect: 78%) Natasha barely resists.
Natasha closely misses you.
Aiming: Pain (safe; 3% risk of failure)
Press: ? - help, Q - select action, (/) - cycle Shift-Dir - straight line, f/p - Natasha
Aim: Natasha (lightly wounded, chance to affect: 78%) Natasha writhes in agony.
Natasha barely misses you.
Aiming: Pain (safe; 3% risk of failure)
Press: ? - help, Q - select action, (/) - cycle Shift-Dir - straight line, f/p - Natasha
Aim: Natasha (moderately wounded, chance to affect: 78%) Natasha writhes in agony.
Natasha claws you.
Aiming: Pain (safe; 3% risk of failure)
Press: ? - help, Q - select action, (/) - cycle Shift-Dir - straight line, f/p - Natasha
Aim: Natasha (moderately wounded, chance to affect: 78%) Natasha writhes in agony.
Natasha stares at you and mumbles some strange words.
The magic dart hits you.
Aiming: Pain (safe; 3% risk of failure)
Press: ? - help, Q - select action, (/) - cycle Shift-Dir - straight line, f/p - Natasha
Aim: Natasha (severely wounded, chance to affect: 78%)
You miscast Pain.
You are very lightly contaminated with residual magic.
Nothing appears to happen.
The rat barely misses you. Natasha claws you but does no damage.
You closely miss Natasha.
Natasha is severely wounded.
The rat closely misses you.
Natasha stares at you and mumbles some strange words.
The magic dart hits you!
* * * LOW HITPOINT WARNING * * *
The rat barely misses you. Natasha claws you!
You die...

### #
....#
#.#.#
#...#
#@r.#
##h.#
.....
#(#.##
.( #
...
.## ..


You could see Natasha and a rat.

Vanquished Creatures
  A worm (D:2)
  2 dart slugs (D:1)
  A leopard gecko (D:1)
  A ball python (D:2)
  4 bats
  5 goblins
  5 hobgoblins
  2 kobolds (D:1)
  2 frilled lizards
23 creatures vanquished.

Notes
Turn   | Place    | Note
-------+----------+-------------------------------------------
     0 | D:1      | siradein the Vampire Necromancer began the quest for the
                  | Orb.
     0 | D:1      | Reached XP level 1. HP: 13/13 MP: 3/3
   271 | D:1      | Reached XP level 2. HP: 18/19 MP: 1/5
   467 | D:1      | Reached skill level 5 in Necromancy
  1213 | D:2      | Reached XP level 3. HP: 23/24 MP: 3/6
  1621 | D:2      | Learned a level 1 spell: Animate Skeleton
  2124 | D:3      | Noticed Natasha
  2132 | D:3      | Slain by Natasha

Illustrated notes

Levels and vault maps discovered:
D:1:      kilobyte_arrival_exit_the_forest, layout_basic
D:2:      layout_loops_ring
D:3:      layout_basic, chequers_temple_overflow_statue_of_worship,
          gup_sewer_entry_bowl, hangedman_abyss_or_decor_stabs, uniq_robin,
          uniq_natasha

Skill      XL: |  1  2 |
---------------+-------+-----
Necromancy     | 5 |  5.6
Dodging        | |  2.1
Stealth        | |  3.0
Spellcasting   | |  2.0

Action                   || total
-------------------------++-------
Melee: Spear             ||     8
       Bite              ||     1
 Cast: Pain              ||    47
 Abil: End Transformatio ||     1
       Bat Form          ||     1
       Exsanguinate      ||     1
       Revivify          ||     1
Armor: Robe              ||     2
       Leather armour    ||     2
Dodge: Dodged            ||    11

Table legend: (Time is in decaauts)
 A = Elapsed time spent in this place.
 B = Non-inter-level travel time spent in this place.
 C = Inter-level travel time spent in this place.
 D = Time resting spent in this place.
 E = Time spent auto-exploring this place.
 F = Levels seen in this place.
 G = Mean time per level.
                   A        B        C        D        E       F      G
               +--------+--------+--------+--------+--------+-----+--------+
         Total |   2112 |   1960 |    152 |    100 |   1649 |   3 |  704.0 |
       Dungeon |   2112 |   1960 |    152 |    100 |   1649 |   3 |  704.0 |
               +--------+--------+--------+--------+--------+-----+--------+

Top non-repeatable levels by time:
     D:1: 1359 daAuts
     D:2: 744 daAuts
     D:3: 7 daAuts
